 Dungeon Crawl Stone Soup version 0.17-a0-2127-g1cb09f6 (webtiles) character file.

280 septik the Grave Robber (level 6, -6/41 HPs)
             Began as a Mummy Necromancer on Oct 23, 2015.
             Mangled by fredomojojo's ghost (9 damage)
             ... on level 3 of the Dungeon.
             The game lasted 00:16:36 (3633 turns).

septik the Grave Robber (Mummy Necromancer)         Turns: 3633, Time: 00:16:36

Health: -6/41      AC:  5    Str: 12    XL:     6   Next: 5%
Magic:  10/10      EV: 12    Int: 16    God:
Gold:   142        SH:  0    Dex: 12    Spells: 4 memorised, 2 levels left

rFire  . . .     SeeInvis .     o - +3 dagger
rCold  + . .     Clarity  .     a - +0 robe
rNeg   + + +     SustAt   .     (no shield)
rPois  ∞         Gourm    .     (no helmet)
rElec  .         Spirit   .     e - +1 cloak
rCorr  .         Warding  .     t - +0 pair of gloves
rMut   .         Stasis   .     (no boots)
MR     .....                    (no amulet)
Stlth  ++........               (no ring)
                                p - ring of protection from fire

@: not resistant to hostile enchantments, unstealthy
A: no food or potions, fire vulnerability, cold resistance 1, negative energy
resistance 3, torment resistance, unbreathing
a: no special abilities


You were on level 3 of the Dungeon.
You were not hungry.

You visited 1 branch of the dungeon, and saw 3 of its levels.
You also visited: Sewer.

You collected 142 gold pieces.

Inventory:

Hand Weapons
 d - a +0 hand axe
 j - a +0 mace of holy wrath
 l - a +2 whip of flaming
 o - a +3 dagger (weapon)
 q - a +0 hand crossbow
Missiles
 f - 14 arrows of frost
 g - 34 stones (quivered)
 i - 2 throwing nets
 r - 15 bolts
Armour
 a - a +0 robe (worn)
 e - a +1 cloak (worn)
 t - a +0 pair of gloves (worn)
Jewellery
 p - a ring of protection from fire (left hand)
Scrolls
 c - 2 scrolls of magic mapping
 h - 2 scrolls of random uselessness {unknown}
 k - 2 scrolls of remove curse {unknown}
 m - 3 scrolls of identify
 n - a scroll of noise {unknown}
 s - a scroll of recharging
Books
 b - a book of Necromancy

   Spells                             Type                      Level
   a - Pain                           Necromancy                   1
   b - Animate Skeleton               Necromancy                   1
   c - Vampiric Draining              Necromancy                   3
   d - Regeneration                   Charms/Necromancy            3
   e - Animate Dead                   Necromancy                   4
   f - Control Undead                 Necromancy                   4


   Skills:
 - Level 1.5 Dodging
 - Level 1.5 Stealth
 - Level 0.1 Unarmed Combat
 - Level 3.0 Spellcasting
 + Level 6.8 Necromancy


You had 2 spell levels left.
You knew the following spells:

 Your Spells              Type           Power        Failure   Level  Hunger
a - Pain                  Necr           ###.         1%          1    N/A
b - Animate Skeleton      Necr           N/A          1%          1    N/A
c - Vampiric Draining     Necr           ###.......   3%          3    N/A
d - Animate Dead          Necr           N/A          12%         4    N/A

Dungeon Overview and Level Annotations

Branches:
Dungeon (3/15)

Altars:
Gozag
Zin

Annotations:
D:3 fredomojojo's ghost, amateur DrMo


Innate Abilities, Weirdness & Mutations

You do not eat or drink.
Your flesh is vulnerable to fire.
You are immune to poison.
Your flesh is cold resistant.
You are immune to negative energy.
You are immune to unholy pain and torment.
You can survive without breathing.


Message History

Fredomojojo's ghost is lightly damaged.
Fredomojojo's ghost barely misses you.
You barely miss fredomojojo's ghost.
Fredomojojo's ghost is lightly damaged.
Fredomojojo's ghost barely misses you.
You closely miss fredomojojo's ghost.
Fredomojojo's ghost is lightly damaged.
Fredomojojo's ghost hits you.
You closely miss fredomojojo's ghost.
Fredomojojo's ghost is lightly damaged.
Fredomojojo's ghost hits you.
* * * LOW HITPOINT WARNING * * *
You hit fredomojojo's ghost but do no damage.
Fredomojojo's ghost is lightly damaged.
Fredomojojo's ghost hits you!
* * * LOW HITPOINT WARNING * * *
You miss fredomojojo's ghost.
Fredomojojo's ghost is lightly damaged.
Fredomojojo's ghost hits you!
You die...

#'≈≈..# ≈≈≈≈..## .≈.....#
≈......# .......# ######.#
#.# #########
#.##################........
#.........^@W........######.
#########.#########..# ##..
#.# #..# ##.#. #Z# #..#
#.##. #.# ######(.# #.##.
#.# #.......# #.###
#.####.####.## ##.##
#.#.........# ##..
#.#.##.###..########


You could see fredomojojo's ghost.

Vanquished Creatures
  A big kobold (Sewer)
  A hound (D:3)
  5 adders
  2 river rats (Sewer)
  2 oozes (D:1)
  3 worms
  6 ball pythons
  6 bats
  3 giant cockroaches (D:2)
  4 goblins
  6 hobgoblins
  2 jackals (D:2)
  A giant gecko (D:1)
  A giant newt (D:2)
  19 kobolds
  22 rats
84 creatures vanquished.

Vanquished Creatures (collateral kills)
  An adder (Sewer)
  2 river rats (Sewer)
  A kobold (Sewer)
  A bat (D:2)
  3 rats
8 creatures vanquished.

Grand Total: 92 creatures vanquished

Notes
Turn   | Place    | Note
--------------------------------------------------------------
     0 | D:1      | septik the Mummy Necromancer began the quest for the Orb.
     0 | D:1      | Reached XP level 1. HP: 13/13 MP: 3/3
   150 | D:1      | Reached XP level 2. HP: 19/19 MP: 1/5
   153 | D:1      | Learned a level 1 spell: Animate Skeleton
   859 | D:2      | Reached XP level 3. HP: 22/24 MP: 1/7
   919 | D:2      | Found an opulent altar of Gozag.
   920 | D:2      | Found a glowing silver altar of Zin.
  1611 | D:2      | Learned a level 3 spell: Vampiric Draining
  1792 | D:3      | Reached skill level 5 in Necromancy
  1792 | D:3      | Reached XP level 4. HP: 25/30 MP: 4/8
  1822 | D:3      | Found a glowing drain.
  1827 | Sewer    | Entered a sewer
  2297 | Sewer    | Reached XP level 5. HP: 23/35 MP: 1/9
  2563 | Sewer    | Reached skill level 6 in Necromancy
  2705 | Sewer    | Noticed a big kobold
  2785 | Sewer    | Killed a big kobold
  2785 | Sewer    | Reached XP level 6. HP: 3/41 MP: 0/10
  3408 | D:3      | Learned a level 4 spell: Animate Dead
  3554 | D:3      | Noticed fredomojojo's ghost (amateur DrMo)
  3633 | D:3      | Mangled by fredomojojo's ghost

Vault maps used:
D:1:      dpeg_arrival_boxes_within_box
D:2:      grunt_temple_overflow_gold_and_silver, first_bread
D:3:      nemelex_xobeh_ov_fountains_minmay, portal_sewer_entry_e
Sewer:    sewer_minmay_treatment

Action                   |  1- 3 |  4- 6 || total
-------------------------+-------+-------++-------
Melee: Unarmed           |     6 |       ||     6
       Hand axe          |    15 |       ||    15
       Dagger            |     9 |    64 ||    73
 Cast: Pain              |    76 |    82 ||   158
       Animate Skeleton  |    14 |    19 ||    33
  Use: Scroll            |     4 |       ||     4
 Stab: Distracted        |       |     1 ||     1
